 Dungeon Crawl Stone Soup version 0.27.1-34-g3ba077fa99 (webtiles) character file.

Game seed: 11653401603235844068

1693 iwittbrodt the Fighter (level 8, -22/78 HPs)
             Began as a Minotaur Fighter on Jan 27, 2022.
             Was a Follower of Elyvilon.
             Annihilated by a two-headed ogre (31 damage)
             ... on level 7 of the Dungeon.
             The game lasted 00:24:59 (9415 turns).

iwittbrodt the Fighter (Minotaur Fighter)           Turns: 9415, Time: 00:25:00

Health: -22/78     AC:  7    Str: 23    XL:     8   Next: 72%
Magic:  7/7        EV:  8    Int:  5    God:    Elyvilon [*.....]
Gold:   346        SH: 12    Dex: 10    Spells: 7/7 levels left

rFire    . . .     SeeInvis .   a - +1 long sword
rCold    . . .     Faith    .   c - +1 kite shield
rNeg     . . .     Spirit   .   b - +0 scale mail
rPois    .         Reflect  .   (helmet restricted)
rElec    .         Harm     .   (no cloak)
rCorr    .         Rampage  .   (no gloves)
Will     .....                  (no boots)
Stlth    ..........             e - amulet of magic regeneration
HPRegen  0.23/turn              i - ring of flight
MPRegen  0.35/turn              (no ring)

@: flying, studying Fighting
A: horns 2, retaliatory headbutt
a: Renounce Religion, Lesser Healing, Divine Protection


You were on level 7 of the Dungeon.
You worshipped Elyvilon.
Elyvilon was aware of your devotion.
You visited 2 branches of the dungeon, and saw 9 of its levels.

You collected 364 gold pieces.
You spent 18 gold pieces at shops.

Inventory:

Hand Weapons
 a - a +1 long sword (weapon)
 m - a +0 hunting sling
Missiles
 h - 5 poisoned darts (quivered)
 k - a throwing net
 l - 228 stones
 q - 71 arrows
 s - 20 sling bullets
 y - 10 boomerangs
Armour
 b - a +0 scale mail (worn)
 c - a +1 kite shield (worn)
Jewellery
 e - an amulet of magic regeneration (around neck)
 i - a ring of flight (left hand)
Wands
 o - a wand of mindburst (5)
 v - a wand of charming (3)
Scrolls
 j - a scroll of enchant weapon
 r - a scroll of identify
Potions
 d - 4 potions of might
 g - a potion of flight {unknown}
 n - a potion of cancellation {unknown}
 p - a potion of curing {unknown}
 t - 3 potions of lignification


   Skills:
 + Level 9.1 Fighting
 * Level 6.5 Long Blades
 + Level 6.8 Armour
 * Level 7.1 Shields
 + Level 1.0 Invocations


You had 7 spell levels left.
You didn't know any spells.
Your spell library contained the following spells:

 Spells                   Type           Power      Damage    Failure   Level
 Foxfire                  Conj/Fire      0%         2x1d4     98%         1
 Ensorcelled Hibernation  Hex/Ice        0%         N/A       99%         2
 Conjure Flame            Conj/Fire      0%         6-21      100%        3
 Inner Flame              Hex/Fire       0%         N/A       100%        3
 Ozocubu's Armour         Ice            0%         N/A       100%        3
 Spider Form              Tmut/Pois      0%         N/A       100%        3
 Passage of Golubria      Tloc           N/A        N/A       100%        4
 Bolt of Magma            Conj/Fire/Erth 0%         4d4       100%        5
 Shadow Creatures         Summ           N/A        N/A       100%        6
 Ozocubu's Refrigeration  Ice            0%         4d5       100%        7


Dungeon Overview and Level Annotations

Branches:
Dungeon (8/15)             Temple (1/1) D:6
   Lair: D:8-11

Altars:
Ashenzari
Cheibriados
Dithmenos
Elyvilon
Fedhas
Gozag
Hepliaklqana
Makhleb
Nemelex Xobeh
Okawaru
Qazlal
Ru
Sif Muna
Trog
Uskayaw
Vehumet
Wu Jian
Xom
Yredelemnul
Zin

Shops:
D:4 *   D:6 *

Portals:
Abyss: D:5

Annotations:
D:5 2 transporters, DrStoges's ghost, novice SpFE


Innate Abilities, Weirdness & Mutations

You have a pair of horns on your head.
You reflexively headbutt those who attack you in melee.


Message History

You are no longer berserk.
You are exhausted.
You feel yourself slow down.
You start resting.
You feel yourself speed up.
A wight comes into view. It is wielding a +6 spear of freezing.
The wight moves out of view.
You start resting.
You recover from your berserk rage.
You start resting.
A wight is nearby!
Found a mace.
You hear the slow hiss of a very distant avalanche of sand.
You pick up the Grimoire of the Hunter and begin reading...
You add the spells Passage of Golubria and Bolt of Magma to your library.
A two-headed ogre comes into view.
It is wielding a +0 giant club and a +0 dire flail.
The two-headed ogre shouts in stereo!
You block the wight's attack.
The wight hits you from afar with a +6 spear of freezing.
The wight freezes you. You block the wight's attack.
You block the wight's attack. You block the wight's attack.
Things that are here:
a +0 dagger; a +0 ring mail; an orc corpse A wight comes into view.
It is wielding a +0 falchion.
Okay, then.
As you read the scroll labelled TEZIUN PIGEPPA, it crumbles to dust.
It is a scroll of amnesia.
You feel forgetful for a moment.
You block the two-headed ogre's attack. x2
As you read the scroll labelled KILEEFE IRPHULA, it crumbles to dust.
The scroll dissolves into smoke.
It was a scroll of fog.
You block the wight's attack. You block the two-headed ogre's attack.
The two-headed ogre hits you with a +0 dire flail!!
* * * LOW HITPOINT WARNING * * *
You block the wight's attack. You block the wight's attack.
The two-headed ogre hits you with a +0 giant club!!
You die...

# #.......#..
####.#.......#..
.....#.......#..
#)........##.##
#.......z.# §§#
#....###.## #§#
###....###.####z#
...........>).zO§##
################@§#
#§§# #..# ....
##..# ..# #.. ...


You could see a two-headed ogre and 2 wights.

Vanquished Creatures
  Duvessa (D:5)
  2 water moccasins (D:4)
  An orc warrior (D:5)
  2 necrophages
  An ogre (D:4)
  A bullfrog (D:6)
  A scorpion (D:5)
  Dowan (D:5)
  A centaur zombie (D:8)
  A howler monkey (D:3)
  2 hounds (D:5)
  5 jellies (D:5)
  A gnoll shaman (D:5)
  5 orc priests
  Ijyb (D:5)
  2 iguanas
  2 orc wizards (D:4)
  Robin (D:2)
  A howler monkey zombie (D:6)
  7 gnolls
  5 adders
  2 white imps (D:5)
  4 worms
  3 dart slugs
  21 orcs
  2 bats
  3 endoplasms
  4 giant cockroaches
  11 hobgoblins
  2 jackals (D:1)
  5 quokkas
  3 ball pythons
  2 frilled lizards (D:3)
  18 goblins
  3 kobolds
  A quokka skeleton (D:4)
  2 rats
130 creatures vanquished.

Notes
Turn   | Place    | Note
-------+----------+-------------------------------------------
     0 | D:1      | iwittbrodt the Minotaur Fighter began the quest for the
                  | Orb.
     0 | D:1      | Reached XP level 1. HP: 19/19 MP: 0/0
   172 | D:1      | Found a faded altar of an unknown god.
   437 | D:1      | Reached XP level 2. HP: 27/27 MP: 1/1
   442 | D:1      | Reached skill level 4 in Fighting
   974 | D:2      | Reached XP level 3. HP: 33/33 MP: 2/2
  1055 | D:2      | Noticed Robin
  1086 | D:2      | Killed Robin
  1234 | D:2      | Reached XP level 4. HP: 39/41 MP: 3/3
  1524 | D:3      | Reached skill level 5 in Fighting
  2615 | D:3      | Reached XP level 5. HP: 37/48 MP: 4/4
  3108 | D:4      | Reached XP level 6. HP: 45/57 MP: 5/5
  3514 | D:4      | Reached skill level 6 in Fighting
  3726 | D:4      | Found Furiul's Serpentskin Sales.
  3726 | D:4      | Noticed a water moccasin
  3726 | D:4      | Noticed a water moccasin
  4070 | D:4      | Killed a water moccasin
  4071 | D:4      | Reached skill level 5 in Armour
  4071 | D:4      | Reached skill level 5 in Shields
  4332 | D:4      | Killed a water moccasin
  4333 | D:4      | Reached XP level 7. HP: 23/64 MP: 6/6
  4979 | D:5      | Entered Level 5 of the Dungeon
  5196 | D:5      | Reached skill level 7 in Fighting
  5209 | D:5      | Found a transporter.
  5220 | D:5      | Found a one-way gate to the infinite horrors of the Abyss.
  5220 | D:5      | Noticed DrStoges's ghost (novice SpFE)
  5222 | D:5      | Found a transporter.
  5614 | D:4      | Reached skill level 5 in Long Blades
  6214 | D:5      | Reached skill level 8 in Fighting
  6214 | D:5      | Reached XP level 8. HP: 74/74 MP: 7/7
  6331 | D:5      | Noticed Dowan
  6351 | D:5      | Killed Dowan
  6470 | D:5      | Noticed Duvessa
  6531 | D:5      | Killed Duvessa
  6819 | D:5      | Noticed Ijyb
  7214 | D:5      | Killed Ijyb
  8382 | D:6      | Found a staircase to the Ecumenical Temple.
  8391 | Temple   | Entered the Ecumenical Temple
  8667 | Temple   | Became a worshipper of Elyvilon the Healer
  8816 | D:6      | Found Hutraury's CLEARANCE SALE! EVERYTHING MUST GO!.
  8826 | D:6      | Bought 5 boomerangs for 10 gold pieces
  8826 | D:6      | Bought a scroll of identify for 8 gold pieces
  8827 | D:6      | Identified a scroll of acquirement
  8827 | D:6      | Acquired a manual of Fighting
  9035 | D:6      | You are sucked into a shaft and drop 2 floors!
  9035 | D:8      | Reached * piety under Elyvilon
  9082 | D:8      | Reached skill level 9 in Fighting
  9351 | D:8      | Reached skill level 1 in Invocations
  9397 | D:7      | Got the Grimoire of the Hunter
  9399 | D:7      | Noticed a two-headed ogre
  9415 | D:7      | Annihilated by a two-headed ogre

Illustrated notes

Levels and vault maps discovered:
D:1:      giann_horns, layout_basic, basic_ecumenical_altar
D:2:      layout_rooms, minmay_goblin_outpost, uniq_robin
D:3:      layout_basic, kennysheep_generic_room_8
D:4:      layout_cave_pools, guppyfry_shop_venom
D:5:      layout_gridville, gammafunk_ghost_abyssal_escape, uniq_ijyb,
          uniq_duvessa
D:6:      layout_basic, minmay_temple_entry_junction_2, nicolae_shop_clearance,
          uniq_grinder
D:7:      layout_basic, enter_ossuary_2
D:8:      layout_cave_pools, palyth_stone_intersect, corner_web_ring
Temple:   regret_index_temple_chain_breaker

Skill      XL: |  1  2  3  4  5  6  7  8 |
---------------+-------------------------+-----
Fighting       | 4 5 6 8 9 |  9.1
Shields        | 4 5 6 7 |  7.1
Armour         | 4 5 6 |  6.8
Long Blades    | 3 4 5 6 |  6.5
Invocations    | 1 |  1.0

Action                   |  1- 3 |  4- 6 |  7- 9 || total
-------------------------+-------+-------+-------++-------
Melee: Long sword        |    52 |   141 |   149 ||   342
       Headbutt          |    10 |    26 |    24 ||    60
 Fire: Hunting sling     |    30 |       |       ||    30
Throw: Dart              |       |     4 |    45 ||    49
  Use: Scroll            |       |     1 |    15 ||    16
       Potion            |       |       |     1 ||     1
Armor: Scale mail        |    25 |    49 |    50 ||   124
Dodge: Dodged            |    21 |    54 |    44 ||   119
Block: Kite shield       |    29 |    94 |   102 ||   225
       Rpst.: Long sword |     9 |    14 |    15 ||    38
